 Dungeon Crawl Stone Soup version 0.31-a0-986-g5e6e4ef867 (webtiles) character file.

Game seed: 4729170510180635508

7039 gelatine the Cleaver (level 10, -1/79 HPs)
             Began as a Demonspawn Fighter on Nov 13, 2023.
             Killed by divine providence
             ... invoked by an orc priest
              (14 damage)
             ... on level 9 of the Dungeon.
             The game lasted 00:22:56 (8915 turns).

gelatine the Cleaver (Demonspawn Fighter)           Turns: 8915, Time: 00:22:57

Health: -1/79      AC: 17    Str: 21    XL:     10   Next: 83%
Magic:  10/10      EV: 12    Int:  9    God:
Gold:   527        SH: 11    Dex: 13    Spells: 9/9 levels left

rFire   . . .        a - +2 war axe
rCold   + . .        c - +1 buckler
rNeg    + . .        z - +2 ring mail {rC+}
rPois   .            (no helmet)
rElec   .            g - +2 cloak
rCorr   .            r - +1 pair of gloves
SInv    .            (no boots)
Will    .....        l - amulet of reflection
Stlth   +            o - ring of flight
HPRegen 0.33/turn    A - ring of positive energy
MPRegen 0.12/turn

%: reflection
@: flying
A: spiny 1, sharp scales 3, demonic touch 1
a: no special abilities


You were on level 9 of the Dungeon.
You visited 2 branches of the dungeon, and saw 10 of its levels.
You also visited: Sewer.

You collected 527 gold pieces.

Inventory:

Hand Weapons
 a - a +2 war axe (weapon)
 n - a +1 hand axe of electrocution
 C - the +7 whip "Jellybane" {pain, +Blink rPois Int-4 SInv}
   (You found it on level 7 of the Dungeon)

   Int-4:     It affects your intelligence (-4).
   rPois:     It protects you from poison SInv: It lets you see invisible.
   +Blink:    It lets you blink.
 L - a +1 broad axe of venom
Missiles
 b - 28 stones (quivered)
 i - 4 curare-tipped darts
 k - 6 poisoned darts
 w - 14 boomerangs
Armour
 c - a +1 buckler (worn)
 g - a +2 cloak (worn)
 r - a +1 pair of gloves (worn)
 z - a +2 ring mail of cold resistance (worn)
 E - +0 steam dragon scales
 H - a +1 leather armour of positive energy
Jewellery
 l - an amulet of reflection (around neck)
 o - a ring of flight (left hand)
 u - an amulet of the acrobat
 A - a ring of positive energy (right hand)
 J - a ring of wizardry
Wands
 f - a wand of quicksilver (8)
 p - a wand of iceblast (11)
 B - a wand of charming (8)
 I - a wand of mindburst (22)
 K - a wand of polymorph (6)
Scrolls
 j - a scroll of butterflies
 m - 2 scrolls of revelation
 t - a scroll of torment {unknown}
 x - a scroll of vulnerability {unknown}
 y - a scroll of amnesia
 D - a scroll of enchant weapon
 F - a scroll of poison {unknown}
 G - 2 scrolls of teleportation
Potions
 d - 7 potions of might
 e - 2 potions of invisibility
 h - 6 potions of curing
 q - a potion of enlightenment
 s - a potion of mutation
 v - 2 potions of haste


   Skills:
 * Level 7.4 Fighting
 * Level 10.3 Axes
 + Level 0.6 Throwing
 * Level 6.9 Armour
 * Level 4.3 Dodging
 + Level 1.2 Stealth
 * Level 6.1 Shields


You had 9 spell levels left.
You didn't know any spells.
Your spell library contained the following spells:

 Spells                   Type           Power      Damage    Failure   Level
 Magic Dart               Conj           0%         1d3       58%         1
 Necrotise                Necr           0%         1d4       58%         1
 Summon Small Mammal      Summ           0%         N/A       58%         1
 Searing Ray              Conj           0%         2d4       75%         2
 Static Discharge         Conj/Air       0%         3-3/arc   75%         2
 Call Canine Familiar     Summ           0%         N/A       92%         3
 Mephitic Cloud           Conj/Pois/Air  0%         N/A       92%         3
 Ozocubu's Armour         Ice            0%         N/A       92%         3
 Stone Arrow              Conj/Erth      0%         3d7       92%         3
 Summon Guardian Golem    Hex/Summ       0%         N/A       92%         3
 Fulminant Prism          Conj/Hex       0%         3d5       100%        4
 Simulacrum               Ice/Necr       0%         N/A       100%        6
 Ozocubu's Refrigeration  Ice            0%         4d7       100%        7


Dungeon Overview and Level Annotations

Branches:
Dungeon (9/15)             Temple (1/1) D:6            Lair (0/5) D:9
  Sewer (visited)
    Orc: D:9-12

Altars:
Ashenzari
Cheibriados
Dithmenos
Fedhas
Gozag
Hepliaklqana
Kikubaaqudgha
Makhleb
Okawaru
Qazlal
Ru
Sif Muna
Trog
Uskayaw
Vehumet
Wu Jian
Xom


Innate Abilities, Weirdness & Mutations

You are partially covered in sharp spines.
You are completely covered in razor-sharp scales. (AC +3, Slay +3)
Your touch may inflict minor irresistible damage on your foes.


Message History

You barely miss the basilisk. The basilisk gazes at you.
You resist with some effort.
The orc throws a boomerang.
The boomerang hits you but does no damage.
You slice the basilisk!!
The basilisk is almost dead.
The basilisk closely misses you.
The orc throws a boomerang.
You block the boomerang with an invisible shield... and reflect it back!
The boomerang barely misses the orc.
You barely miss the basilisk.
The basilisk is almost dead.
An orc priest comes into view. It is wielding a +0 hand axe.
You block the basilisk's attack.
The orc throws a boomerang.
The boomerang barely misses you.
You barely miss the basilisk.
The basilisk is almost dead.
The orc priest shouts!
The orc priest begins to cast a cantrip, but forgets the words!
The basilisk barely misses you.
You hit the basilisk.
The basilisk is almost dead.
You slash the orc!
You kill the orc!
The orc priest invokes the aid of Beogh against you.
Beogh smites you!
* * * LOW HITPOINT WARNING * * *
The basilisk is struck by your spines.
You kill the basilisk!
A wight comes into view. It is wielding a +1 scimitar.
A wight comes into view. It is wielding a +0 halberd.
You see here an elephant corpse.
Items here: ( ))))) [[[[[ †††††.
L - a +1 broad axe of venom;
w - 14 boomerangs (gained 2)
The orc priest calls down the wrath of Beogh upon you.
Beogh smites you!
* * * LOW HITPOINT WARNING * * *
You feel better.
The orc priest calls down the wrath of Beogh upon you.
Beogh smites you!
You die...

. #.....# # z
....... .. .#.P..P..
...## #........
#...###z.......
#.....oz...>... ....
#...>.......... ....
#. #.#@†..!....
.....#.##.#.#..P..P.
....#....#'#..P.P..
...........##.....#
#.......###...##
#.........##.##
#.#...#...# ..
#.#...##### ##
#.#...#


You could see 2 wights and an orc priest.

Vanquished Creatures
  An elephant (D:9)
  Joseph (D:8)
  Jeremiah (D:8)
  Grinder (D:3)
  A hornet (D:9)
  Prince Ribbit (D:5)
  Sigmund (D:3)
  2 wyverns
  A basilisk (D:9)
  A steam dragon (D:7)
  Edmund (D:5)
  5 water moccasins
  Duvessa (D:5)
  3 ice beasts
  4 orc warriors
  3 black bears
  A sky beast (D:8)
  4 ogres
  3 centaurs
  A phantom (D:7)
  Blork the orc (D:6)
  5 bullfrogs
  3 scorpions
  13 wights
  Dowan (D:5)
  3 killer bees (D:8)
  5 hounds
  3 orc priests
  A jelly (D:6)
  2 gnoll boudas
  Jessica (D:3)
  2 sleepcaps (D:6)
  Natasha (thrice) (D:3)
  An iguana (D:4)
  7 orc wizards
  10 adders
  13 gnolls
  A river rat (D:5)
  A shadow imp (D:6)
  2 white imps
  4 ufetubi
  4 worms (D:2)
  2 dart slugs
  52 orcs
  9 ball pythons
  7 endoplasms
  5 giant cockroaches
  8 goblins
  6 hobgoblins
  8 jackals
  10 kobolds
  6 quokkas
  9 bats
  15 frilled lizards
  4 rats
264 creatures vanquished.

Notes
Turn   | Place    | Note
-------+----------+-------------------------------------------
     0 | D:1      | gelatine the Demonspawn Fighter began the quest for the
                  | Orb.
     0 | D:1      | Reached XP level 1. HP: 18/18 MP: 1/1
    82 | D:1      | Gained mutation: You are partially covered in razor-sharp
                  | scales. (AC +1, Slay +1) [demonic ancestry]
    82 | D:1      | Reached XP level 2. HP: 24/24 MP: 2/2
   186 | D:1      | Reached skill level 2 in Axes
   305 | D:1      | Gained mutation: You are mostly covered in razor-sharp
                  | scales. (AC +2, Slay +2) [demonic ancestry]
   305 | D:1      | Reached XP level 3. HP: 29/29 MP: 3/3
   818 | D:2      | Identified the "Syegudis"
  1372 | D:2      | Gained mutation: You are partially covered in sharp spines.
                  | [demonic ancestry]
  1372 | D:2      | Reached XP level 4. HP: 32/35 MP: 4/4
  1568 | D:2      | Reached skill level 3 in Axes
  2039 | D:3      | Noticed Natasha
  2046 | D:3      | Killed Natasha
  2047 | D:3      | Reached XP level 5. HP: 35/41 MP: 5/5
  2249 | D:3      | Noticed Natasha
  2253 | D:3      | Noticed Sigmund
  2254 | D:3      | Killed Natasha
  2265 | D:3      | HP: 2/41 [something (3)]
  2266 | D:3      | Reached skill level 1 in Dodging
  2270 | D:3      | HP: 1/42 [something (7)]
  2272 | D:3      | Killed Sigmund
  2273 | D:3      | Reached XP level 6. HP: 2/48 MP: 6/6
  2682 | D:3      | Noticed Grinder
  2705 | D:3      | Killed Grinder
  2706 | D:3      | Reached skill level 4 in Axes
  2706 | D:3      | Reached XP level 7. HP: 8/54 MP: 7/7
  3011 | D:3      | Noticed Natasha
  3015 | D:3      | Killed Natasha
  3094 | D:3      | Found a faded altar of an unknown god.
  3165 | D:3      | Noticed Jessica
  3169 | D:3      | Killed Jessica
  3617 | D:4      | Reached skill level 5 in Axes
  4283 | D:5      | Entered Level 5 of the Dungeon
  4318 | D:5      | Noticed Dowan
  4319 | D:5      | Noticed Duvessa
  4335 | D:5      | Killed Duvessa
  4340 | D:5      | Killed Dowan
  4507 | D:5      | Noticed Prince Ribbit
  4514 | D:5      | Killed Prince Ribbit
  4515 | D:5      | Gained mutation: You are completely covered in razor-sharp
                  | scales. (AC +3, Slay +3) [demonic ancestry]
  4515 | D:5      | Reached XP level 8. HP: 60/61 MP: 8/8
  4525 | D:5      | Reached skill level 6 in Axes
  4532 | D:5      | Found a glowing drain.
  4536 | Sewer    | Entered a sewer
  4575 | Sewer    | Reached skill level 5 in Armour
  4690 | D:5      | Noticed Edmund
  4698 | D:5      | Killed Edmund
  5343 | D:6      | Found a staircase to the Ecumenical Temple.
  5349 | D:6      | Reached skill level 7 in Axes
  5353 | D:6      | Reached skill level 5 in Fighting
  5358 | Temple   | Entered the Ecumenical Temple
  5569 | D:6      | Gained mutation: Your touch may inflict minor irresistible
                  | damage on your foes. [demonic ancestry]
  5569 | D:6      | Reached XP level 9. HP: 63/68 MP: 9/9
  5644 | D:6      | Found an iron altar of Okawaru.
  5646 | D:6      | Found a bloodstained altar of Trog.
  5651 | D:6      | Reached skill level 1 in Stealth
  5812 | D:6      | Noticed Blork the orc
  5819 | D:6      | Killed Blork the orc
  5887 | D:6      | Found a broken altar of Ashenzari.
  6074 | D:6      | Reached skill level 8 in Axes
  6630 | D:7      | Identified the +7 whip "Jellybane" {pain, +Blink rPois
                  | Int-4 SInv}
  6946 | D:7      | Reached skill level 9 in Axes
  7173 | D:7      | Reached skill level 5 in Shields
  7498 | D:8      | Reached XP level 10. HP: 77/77 MP: 10/10
  7564 | D:8      | Noticed Jeremiah
  7573 | D:8      | Noticed Joseph
  7589 | D:8      | Killed Joseph
  7628 | D:8      | Killed Jeremiah
  8811 | D:9      | Paralysed by a hornet for 1 turns
  8819 | D:9      | Reached skill level 10 in Axes
  8883 | D:9      | Found a staircase to the Lair.
  8883 | D:9      | Noticed an elephant
  8904 | D:9      | Killed an elephant
  8914 | D:9      | HP: 2/79 [orc priest/divine providence (9)]
  8915 | D:9      | Killed from afar by an orc priest

Illustrated notes

Levels and vault maps discovered:
D:1:      amcnicky_arrival_blooded_trapdoor, layout_loops_cross,
          minmay_lizard_king
D:2:      layout_basic, minivault_14, serial_bayou_ford_a, minmay_snake_closets
D:3:      layout_loops_corners, hellmonk_ecumenical_altar_defaced_shrine,
          uniq_sigmund, uniq_grinder, uniq_jessica, uniq_natasha
D:4:      layout_cave_pods, serial_bayou_pond_d
D:5:      layout_loops_ring, gup_sewer_entry_bowl, uniq_duvessa,
          uniq_prince_ribbit1, uniq_edmund
D:6:      layout_basic, general_overflow_altar,
          chequers_temple_overflow_statue_of_worship,
          minmay_temple_entry_junction, uniq_blork_the_orc
D:7:      layout_basic, grunt_ministairs_6, dreamdust_gnoll_farm
D:8:      layout_cave_pods, special_room [special_room_orc], nicolae_tricolors,
          uniq_jeremiah, uniq_joseph
D:9:      layout_basic, david_lair_generic, uniq_harold
Temple:   minmay_crystal_spiral_temple

Skill      XL: |  1  2  3  4  5  6  7  8  9 10 |
---------------+-------------------------------+-----
Armour         | 3 4 5 6 |  6.9
Axes           | 2 3 4 5 7 9 10 | 10.3
Shields        | 3 4 5 6 |  6.1
Dodging        | 1 2 3 4 |  4.3
Fighting       | 4 5 6 7 |  7.4
Stealth        | 1 |  1.2
Throwing       | |  0.6

Action                     |  1- 3 |  4- 6 |  7- 9 | 10-12 || total
---------------------------+-------+-------+-------+-------++-------
  Melee: War axe           |   107 |    68 |   255 |   135 ||   565
  Throw: Stone             |    12 |     4 |     6 |     3 ||    25
         Dart              |       |       |     4 |       ||     4
  Evoke: Wand              |       |     1 |       |       ||     1
    Use: Potion            |       |     4 |       |     2 ||     6
         Scroll            |       |       |    13 |     1 ||    14
 Armour: Scale mail        |    72 |       |    67 |       ||   139
         Ring mail         |    18 |    52 |    82 |    83 ||   235
         Robe              |       |       |     3 |       ||     3
         Skin              |       |       |       |     2 ||     2
  Dodge: Dodged            |    59 |    33 |   118 |    62 ||   272
  Block: Buckler           |    28 |    12 |   124 |   107 ||   271
         Reflection        |       |       |     5 |     4 ||     9

Table legend: (Time is in decaauts)
 A = Elapsed time spent in this place.
 B = Non-inter-level travel time spent in this place.
 C = Inter-level travel time spent in this place.
 D = Time resting spent in this place.
 E = Time spent auto-exploring this place.
 F = Levels seen in this place.
 G = Mean time per level.
                   A        B        C        D        E       F      G
               +--------+--------+--------+--------+--------+-----+--------+
         Total |   9045 |   8369 |    676 |      0 |   6505 |  11 |  822.3 |
       Dungeon |   8791 |   8282 |    509 |      0 |   6479 |   9 |  976.8 |
        Temple |    168 |      1 |    167 |      0 |      0 |   1 |  168.0 |
         Sewer |     85 |     85 |      0 |      0 |     26 |   1 |   85.0 |
               +--------+--------+--------+--------+--------+-----+--------+

Top non-repeatable levels by time:
     D:3: 1395 daAuts
     D:8: 1329 daAuts
     D:2: 1166 daAuts
     D:7: 1116 daAuts
     D:5: 970 daAuts
     D:1: 940 daAuts
     D:6: 890 daAuts
     D:4: 873 daAuts
  Temple: 168 daAuts
     D:9: 110 daAuts
   Sewer: 85 daAuts
